 Dungeon Crawl Stone Soup version 0.19-a0-1019-g9c6a58d (webtiles) character file.

394 HenryFlower the Slasher (level 6, 0/39 HPs)
             Began as a High Elf Skald on July 25, 2016.
             Slain by Sigmund
             ... wielding a +2 scythe of protection
              (5 damage)
             ... on level 4 of the Dungeon.
             The game lasted 00:10:49 (6410 turns).

HenryFlower the Slasher (High Elf Skald)            Turns: 6410, Time: 00:10:50

Health: 0/39       AC:  3    Str: 11    XL:     6   Next: 51%
Magic:  4/10       EV: 11    Int: 17    God:
Gold:   182        SH:  0    Dex: 16    Spells: 3 memorised, 3 levels left

rFire  . . .     SeeInvis .     a - +0 falchion
rCold  . . .     Gourm    .     b - +0 leather armour
rNeg   . . .     Faith    .     (no shield)
rPois  .         Spirit   .     (no helmet)
rElec  .         Dismiss  .     (no cloak)
rCorr  .         Reflect  .     (no gloves)
SustAt .         Harm     .     (no boots)
MR     .....                    (no amulet)
Stlth  +.........               (no ring)
                                p - ring of wizardry (curse)

@: infused (expiring), not resistant to hostile enchantments, very unstealthy
A: no striking features
a: no special abilities


You were on level 4 of the Dungeon.
You were not hungry.

You visited 1 branch of the dungeon, and saw 4 of its levels.

You collected 182 gold pieces.

Inventory:

Hand Weapons
 a - a +0 falchion (weapon)
Armour
 b - a +0 leather armour (worn)
Jewellery
 p - a cursed ring of wizardry (left hand)
Wands
 i - a wand of disintegration (20/24)
Scrolls
 g - a scroll of amnesia
 j - 2 scrolls of teleportation {unknown}
 k - a scroll of noise {unknown}
 m - a scroll of remove curse {unknown}
 n - 3 scrolls of recharging
 q - a scroll of magic mapping
 t - a scroll of fear {unknown}
Potions
 f - 2 potions of haste
 h - 2 potions of brilliance
 r - a potion of degeneration {unknown}
Books
 c - a book of Battle

   Spells                             Type                      Level
   a - Infusion                       Charms                       1
   b - Shroud of Golubria             Charms/Translocation         2
   c - Song of Slaying                Charms                       2
   d - Spectral Weapon                Hexes/Charms                 3
   e - Regeneration                   Charms/Necromancy            3
Comestibles
 d - 2 bread rations
 o - 3 meat rations
 s - 6 fruits
 u - 7 chunks of flesh


   Skills:
 - Level 2.0 Fighting
 * Level 7.3 Long Blades
 - Level 0.8 Armour
 - Level 1.1 Dodging
 - Level 2.4 Spellcasting
 + Level 5.5 Charms


You had 3 spell levels left.
You knew the following spells:

 Your Spells              Type           Power        Failure   Level  Hunger
a - Infusion              Chrm           ###.         1%          1    #......
b - Shroud of Golubria    Chrm/Tloc      ##........   6%          2    ##.....
c - Regeneration          Chrm/Necr      ##........   12%         3    ###....


Dungeon Overview and Level Annotations

Branches:
Dungeon (4/15)
 Temple: D:4-7

Altars:
Elyvilon
Sif Muna

Annotations:
D:4 Sigmund


Message History

You feel better. Something hits you.
* * * LOW HITPOINT WARNING * * *
Okay, then.
As you read the scroll labeled GOBRETS FEONO, it crumbles to dust.
It is a scroll of recharging.
Charge which item? (? for menu, Esc to quit)
Your wand of disintegration glows for a moment.
Unknown command.
As you read the scroll labeled NEOHEA SEKE, it crumbles to dust.
You feel aware of your surroundings.
You sensed 1 shop/portal.
It was a scroll of magic mapping.
Something hits you but does no damage.
Unknown command.
As you read the scroll labeled HUTHEE USECER, it crumbles to dust.
It is a scroll of amnesia.
Forget which spell ([?*] list [ESC] exit)?
Forget which spell ([?*] list [ESC] exit)?
Okay, then.
Your magical infusion is running out.
The phantom misses you. Something hits you.
You die...

,******,* *,#.##############..#..
,,,,,,,,*##.#.##..............#.#
,,,,,,,,,...............[..#..#.#
,,,*******#.#.##.#......##....#.#
**,********,#.##.##.###.......#.#
**,,,,,,,,,,#.##.##.###...#...#.#
***##########....##.....###...#.#
***.......†...#####.....###......
,,,...........{.@W'....>....#.#.#
∩**.#########.#####...........#.#
,**,* #.# #.######..#.#.# ,,,,*
#.# #.........#.#.# ,****
#.###########.#.#...# ,*
#.#.....#####.#.....# ,*******
###.#.###.##..#.......# ,,,,,,,*
#...#.# #.##..#..#..#.# ,,,,,,,*
#...#.# #.....#..##.#.#


You could see a phantom.

Vanquished Creatures
  Blork the orc (D:4)
  The ghost of Nausicaa the Ruffian, a weakling VSMo (D:3)
  3 hounds
  Ijyb (D:3)
  Terence (D:2)
  7 adders
  A worm (D:4)
  A dart slug (D:1)
  A giant gecko (D:3)
  8 orcs (D:3)
  5 giant cockroaches
  7 goblins
  8 hobgoblins
  11 jackals
  4 kobolds (D:1)
  2 quokkas (D:4)
  4 bats
  4 giant newts
  9 rats
79 creatures vanquished.

Notes
Turn   | Place    | Note
-------+----------+-------------------------------------------
     0 | D:1      | HenryFlower the High Elf Skald began the quest for the Orb.
     0 | D:1      | Reached XP level 1. HP: 14/14 MP: 4/4
   315 | D:1      | Reached skill level 3 in Long Blades
   491 | D:1      | Reached XP level 2. HP: 19/19 MP: 1/6
  1346 | D:2      | Reached skill level 4 in Long Blades
  1483 | D:2      | Noticed Terence
  2006 | D:1      | Reached XP level 3. HP: 15/24 MP: 3/7
  2314 | D:2      | Learned a level 3 spell: Regeneration
  2418 | D:2      | Found a deep blue altar of Sif Muna.
  2870 | D:2      | Reached skill level 5 in Long Blades
  2909 | D:1      | Learned a level 2 spell: Shroud of Golubria
  3172 | D:3      | Reached XP level 4. HP: 29/29 MP: 4/8
  3199 | D:3      | Noticed Nausicaa's ghost (weakling VSMo)
  3421 | D:2      | Killed Terence
  3613 | D:3      | Killed Nausicaa's ghost
  3699 | D:3      | Reached XP level 5. HP: 30/34 MP: 1/9
  3845 | D:3      | Found a white marble altar of Elyvilon.
  3848 | D:3      | Noticed Ijyb
  3876 | D:3      | Killed Ijyb
  3876 | D:3      | Reached skill level 6 in Long Blades
  4916 | D:4      | Reached skill level 5 in Charms
  5447 | D:4      | Reached XP level 6. HP: 25/39 MP: 4/10
  5581 | D:4      | Noticed Blork the orc
  5602 | D:4      | Killed Blork the orc
  5602 | D:4      | Reached skill level 7 in Long Blades
  6389 | D:4      | Noticed Sigmund
  6410 | D:4      | Slain by Sigmund

Vault maps used:
D:1:      evilmike_arrival_plus
D:2:      nicolae_overflow_hidden_temple, uniq_terence
D:3:      first_bread, elyvilon_altar_5, uniq_iyjb
D:4:      minmay_diamond_boxcup, serial_shops, shop, uniq_eustachio,
          uniq_sigmund, uniq_blork_the_orc

Skill      XL: |  1  2  3  4  5  6 |
---------------+-------------------+-----
Long Blades    | 3 4 5 6 7 |  7.3
Charms         | 4 5 |  5.5
Fighting       | |  2.0
Armour         | |  0.8
Dodging        | |  1.1
Spellcasting   | |  2.4

Action                   |  1- 3 |  4- 6 || total
-------------------------+-------+-------++-------
Melee: Falchion          |   160 |   220 ||   380
 Cast: Infusion          |    15 |    19 ||    34
       Shroud of Golubri |       |     4 ||     4
  Use: Scroll            |     3 |     4 ||     7
       Potion            |     3 |     4 ||     7
 Stab: Sleeping          |     1 |     1 ||     2
       Distracted        |       |     1 ||     1
  Eat: Chunk             |     7 |     9 ||    16
       Beef jerky        |       |     1 ||     1
       Fruit             |       |     1 ||     1
Armor: Leather armour    |    32 |    18 ||    50
       Skin              |       |     5 ||     5
Dodge: Dodged            |    94 |   101 ||   195
